 Dungeon Crawl Stone Soup version 0.15.1-1-gfacfea3 (webtiles) character file.

2234895 MBison the Conqueror (level 27, 272/272 (273) HPs)
             Began as a Minotaur Berserker on Sept 22, 2014.
             Was a High Priest of Trog.
             Escaped with the Orb
             ... and 4 runes on Sept 24, 2014!
             The game lasted 09:02:06 (77645 turns).

MBison the Conqueror (Minotaur Berserker)          Turns: 77645, Time: 09:02:06

HP 272/272 (273) AC 48     Str 31      XL: 27
MP  20/20        EV 40     Int  6      God: Trog [*****.]
Gold 4180        SH  0     Dex 21      Spells:  0 memorised, 26 levels left

rFire  + . .     SeeInvis +     a - +9 great mace (protect)
rCold  . . .     Clarity  .     e - +8 chain mail of Sorcery {+Fly rPois rF+ Slay+2}
rNeg   + . .     rCorr    .     (no shield)
rPois  +         rRot     .     p - +0 mask of the Dragon {MR+ Slay+3 SInv}
rElec  .         Spirit   .     L - +3 cloak of Flash {+Fly EV+4}
SustAb .         Warding  .     E - +2 pair of fencer's gloves {EV+3 Dex+6 Slay+2}
rMut   +         Stasis   .     X - +2 pair of boots
Gourm  .                        O - amulet of resist mutation
MR     ++++.                    d - ring of the Sun {rN+ MR+ Dex+1 Slay+4, PRAISE THE SUN}
                                l - ring of Qumeidui {AC+4 Str+2}

@: incredibly resistant to hostile enchantments, extremely unstealthy
A: retaliatory headbutt, horns 2, deterioration 2
a: Burn Spellbooks, Berserk, Trog's Hand, Brothers in Arms, Renounce Religion,
Evoke Flight
0: Orb of Zot
}: 4/15 runes: decaying, serpentine, silver, abyssal


You escaped.
You worshipped Trog.
Trog was extremely pleased with you.
You were not hungry.

You visited 9 branches of the dungeon, and saw 55 of its levels.
You visited the Abyss 1 time.
You also visited: Labyrinth and Wizlab.

You collected 9695 gold pieces.
You spent 5515 gold pieces at shops.

Inventory:

Hand weapons
 a - a +9 great mace of protection (weapon)
 b - a +9 greatsling of chaos
Missiles
 u - 66 sling bullets of flame
 D - 100 sling bullets of frost
 H - 49 exploding sling bullets
 R - 40 silver sling bullets
 T - 73 steel sling bullets
Armour
 e - the +8 chain mail of Sorcery (worn) {+Fly rPois rF+ Slay+2}
   (You found it on level 4 of the Depths)

   It affects your accuracy and damage with ranged weapons and melee attacks
   (+2).
   It protects you from fire.
   It protects you from poison.
   It lets you fly.
 p - the +0 mask of the Dragon (worn) {MR+ Slay+3 SInv}
   (You found it on level 5 of the Vaults)

   It affects your accuracy and damage with ranged weapons and melee attacks
   (+3).
   It affects your resistance to hostile enchantments.
   It enhances your eyesight.
 E - the +2 pair of fencer's gloves (worn) {EV+3 Dex+6 Slay+2}
   (You bought it in a shop on level 4 of the Orcish Mines)

   It affects your evasion (+3).
   It affects your dexterity (+6).
   It affects your accuracy and damage with ranged weapons and melee attacks
   (+2).
 L - the +3 cloak of Flash (worn) {+Fly EV+4}
   (You found it on level 4 of the Depths)

   It affects your evasion (+4).
   It lets you fly.
 X - a +2 pair of boots (worn)
Magical devices
 v - a wand of digging (11)
 w - a wand of digging (14)
 B - a wand of digging (5)
 K - a wand of digging (9)
 M - a wand of invisibility (2)
 P - a wand of invisibility (1)
 S - a wand of digging (11)
 U - a wand of teleportation (2)
 V - a wand of paralysis (14)
 Y - a wand of teleportation (5)
Comestibles
 c - 31 bread rations
 i - 2 meat rations
 q - 47 fruits
 N - 11 royal jellies
Scrolls
 g - 28 scrolls of remove curse
 h - a scroll of fog
 j - 5 scrolls of blinking
 n - 13 scrolls of recharging
 y - 12 scrolls of teleportation
 G - 3 scrolls of enchant armour
Jewellery
 d - the ring of the Sun (right hand) {rN+ MR+ Dex+1 Slay+4, PRAISE THE SUN}
   (You found it on level 1 of the Vaults)

   [ring of dexterity]

   It affects your dexterity (+1).
   It affects your accuracy and damage with ranged weapons and melee attacks
   (+4).
   It protects you from negative energy.
   It affects your resistance to hostile enchantments.
 f - an uncursed ring of see invisible
 k - an uncursed ring of protection from fire
 l - the ring of Qumeidui (left hand) {AC+4 Str+2}
   (You found it in a labyrinth)

   [ring of protection]

   It affects your AC (+4).
   It affects your strength (+2).
 x - an uncursed amulet of resist corrosion
 z - an uncursed ring of protection from fire
 O - an amulet of resist mutation (around neck)
 Q - an uncursed ring of protection from cold
 W - an uncursed ring of positive energy
 Z - an uncursed amulet of warding
Potions
 m - 6 potions of berserk rage
 o - 5 potions of might
 r - 4 potions of resistance
 s - 5 potions of restore abilities
 t - 12 potions of heal wounds
 A - a potion of brilliance
 C - 5 potions of haste
 F - 2 potions of invisibility
 I - 9 potions of curing
 J - a potion of flight


   Skills:
 O Level 27 Fighting
 + Level 25.9 Maces & Flails
 - Level 14.0 Slings
 O Level 27 Armour
 O Level 27 Dodging
 - Level 0.2 Unarmed Combat
 - Level 2.5 Evocations


You had 26 spell levels left.
You didn't know any spells.

Dungeon Overview and Level Annotations

Branches:
Dungeon (15/15)            Temple (0/1) D:4             Orc (4/4) D:9
    Elf (3/3) Orc:4          Lair (8/8) D:11          Swamp (5/5) Lair:6
  Snake (5/5) Lair:3        Slime (0/6) Lair:6       Vaults (5/5) D:13
  Crypt (0/3) Vaults:2     Depths (5/5) D:15            Zot (5/5) Depths:5

Altars:
Cheibriados
Dithmenos
Kikubaaqudgha
Nemelex Xobeh
Okawaru
Trog
Xom
Yredelemnul

Shops:
D:4 !   D:9 }   D:13 }   Orc:3 }   Orc:4 =(*[   Snake:2 }   Snake:4 (
Vaults:5 *   Depths:2 *==

Portals:
Hell: Depths:1 Depths:2 Depths:3 Depths:5
Abyss: Depths:4
Pandemonium: Depths:2 Depths:3
Ziggurat: Depths:1
Trove: D:11 (give +5 fire dragon armour)

Annotations:
D:10 exclusion: ice statue
Lair:5 exclusion: 3 oklob plants
Vaults:2 1 exclusion


Innate Abilities, Weirdness & Mutations

You reflexively headbutt those who attack you in melee.
You have a pair of horns on your head.
[Your body is deteriorating.]


Message History

There is a stone staircase leading up here.
You climb upwards.
You sense a powerful magical force warping space.
A rat comes into view.
There is a stone staircase leading down here.
The rat completely misses you. You furiously retaliate!
You headbutt the rat. You pound the rat like an anvil!!!
You kill the rat!
Trog accepts your kill.
You open the door.
There is an open door here.
There is an open door here.
There is an open door here.
There is an open door here.
There is a stone staircase leading down here.
There is a stone staircase leading down here.
You see here a dagger.
There is an open door here.
There is a staircase leading out of the dungeon here.
You have escaped!

.# #..#
>#
###'###
##
##≈♣.♣≈##
#
#≈≈♣.♣≈≈#
#
#≈≈♣.♣≈≈#
#
#≈♣...♣≈#
#
#♣.....♣#
#.#.#.#
###@###
###


There were no monsters in sight!

Vanquished Creatures
  4 orbs of fire (Zot:5)
  The ghost of UristMcMason the Slayer, a legendary HOFi of Okawaru (Zot:5)
  5 ancient liches
  Norris (Swamp:2)
  Mennas (Vaults:4)
  2 Killer Klowns (Zot:5)
  14 golden dragons
  A profane servitor (Abyss:3)
  3 electric golems
  Frederick (Vaults:4)
  The ghost of eustach the Unseen, a mighty NaFE of Cheibriados (Depths:2)
  A hellephant (Abyss:3)
  9 liches
  17 tentacled monstrosities
  26 Orb Guardians
  7 titans
  A quicksilver dragon (Depths:4)
  2 deep elf master archers (Elf:3)
  20 storm dragons
  2 deep elf blademasters (Elf:3)
  A tentacled starspawn (Abyss:3)
  9 sphinxes
  An Executioner (Abyss:3)
  9 shadow dragons
  Agnes (Vaults:2)
  Frances (Snake:2)
  6 thorn hunters
  11 draconian monks
  6 tengu reavers
  16 fire giants
  12 deep elf sorcerers
  Donald (Swamp:2)
  Wiglaf (Vaults:4)
  12 frost giants
  3 iron dragons
  4 greater nagas
  2 ghost moths
  4 draconian scorchers
  Aizul (Elf:1)
  3 draconian knights
  An emperor scorpion (shapeshifter) (Vaults:5)
  2 emperor scorpions
  An orc warlord (Vaults:5)
  4 draconian zealots
  2 balrugs
  11 vault wardens
  An angel (Abyss:3)
  Jorgrun (Elf:3)
  5 draconian annihilators
  9 deep elf demonologists
  A spriggan defender (Depths:2)
  2 war gargoyles
  A draconian caller (Zot:3)
  27 very ugly things
  4 grey draconians
  34 stone giants
  4 draconian shifters
  A corrupter (D:3)
  7 green draconians
  A vampire knight (Depths:4)
  An ophan (Abyss:3)
  15 deep elf annihilators
  3 red draconians
  6 mottled draconians
  Azrael (Elf:1)
  7 starcursed masses (Abyss:3)
  3 purple draconians
  8 yellow draconians
  A white draconian (Zot:3)
  2 black draconians
  7 pale draconians
  A purple draconian (shapeshifter) (Depths:2)
  A dire elephant (Depths:2)
  11 deep elf death magi
  Snorg (Elf:3)
  3 crystal guardians
  35 vault guards
  5 jiangshi
  6 deep elf high priests
  19 fire dragons
  2 minotaurs
  An orange crystal statue (WizLab)
  15 ettins
  13 ironheart preservers
  20 yaktaur captains
  A merfolk impaler (Depths:3)
  A rakshasa (Depths:1)
  13 death cobs
  A ghost crab (shapeshifter) (Vaults:5)
  Harold (D:11)
  24 ice dragons
  16 naga warriors
  33 hydras
  7 great orbs of eyes
  9 spriggan air magi
  A ravenous feature mimic (Depths:4)
  A green death (Depths:2)
  5 monstrous demonspawn (WizLab)
  3 ravenous item mimics
  5 centaur warriors
  Erica (Lair:1)
  13 anacondas
  3 shambling mangroves
  3 tengu warriors
  8 death yaks
  10 deep troll shamans
  A dancing weapon (Vaults:4)
  13 alligators
  9 naga sharpshooters
  A titan zombie (Vaults:5)
  7 deep troll earth magi
  3 thrashing horrors
  6 spriggan berserkers
  17 ogre magi
  4 shock serpents
  2 sun demons (Depths:1)
  Nergalle (Lair:4)
  A vampire mage (Depths:2)
  4 hell knights
  3 shadow wraiths
  2 cherubim (Abyss:3)
  A soul eater (Abyss:1)
  3 wretched stars
  4 salamander mystics
  A catoblepas (D:15)
  2 fire crabs (shapeshifter) (Depths:4)
  28 deep elf knights
  3 unseen horrors
  20 deep trolls
  3 flayed ghosts (Depths:4)
  The ghost of Rooster the Cleaver, an experienced HOFi (D:5)
  A spatial maelstrom (Abyss:1)
  11 hill giants
  2 iron trolls (Depths:1)
  A death drake (Abyss:3)
  14 large abominations
  A golden dragon zombie (Zot:2)
  10 deep elf summoners
  3 giant orange brains
  An infernal demonspawn (Depths:2)
  17 ironbrand convokers
  4 wizards
  An ice statue (Snake:1)
  A shadow demon (D:3)
  An unseen horror (shapeshifter) (Vaults:1)
  8 naga ritualists
  Pikel (D:6)
  51 ugly things
  A hill giant (shapeshifter) (Vaults:4)
  2 necromancers
  16 deep elf conjurers
  5 orc sorcerers
  14 swamp dragons
  A harpy (shapeshifter) (D:15)
  A shining eye (Abyss:3)
  12 orc knights
  11 mana vipers
  2 griffons
  14 cyclopes
  4 sixfirhies
  4 wolf spiders
  2 hellions
  A fire giant zombie (Vaults:5)
  3 red wasps
  An octopode (shapeshifter) (Vaults:5)
  4 manticores
  2 moths of wrath (shapeshifter)
  23 moths of wrath
  10 elephants
  A human skeleton (Vaults:5)
  A black mamba (shapeshifter) (Vaults:3)
  20 spiny frogs
  3 phantasmal warriors
  22 vault sentinels
  A worldbinder (Abyss:3)
  38 black mambas
  A torpor snail (Depths:3)
  An orange demon (Abyss:3)
  18 salamanders
  7 guardian serpents
  2 smoke demons
  30 yaktaurs
  Psyche (Orc:4)
  A tormentor (Abyss:1)
  8 komodo dragons
  2 demonic crawlers
  An item mimic (Lair:4)
  14 naga magi
  2 kobold demonologists
  A komodo dragon (shapeshifter) (D:15)
  5 hellwings
  4 elves (shapeshifter)
  6 spriggan druids
  4 ancient zymes
  3 blue devils
  A tengu conjurer (Depths:4)
  24 deep elf priests
  5 freezing wraiths
  2 human zombies
  A hydra zombie (Abyss:1)
  2 red devils
  A jumping spider (Elf:3)
  10 giant leeches
  2 trolls (shapeshifter)
  2 polar bears (Lair:8)
  An efreet (D:14)
  5 fire drakes
  A queen bee (Orc:2)
  31 two-headed ogres
  A jumping spider (shapeshifter) (D:15)
  10 trolls
  A polar bear (shapeshifter) (D:14)
  8 raiju (Abyss:2)
  35 slime creatures
  11 blink frogs
  A blink frog (shapeshifter) (Vaults:5)
  3 baby alligators (Swamp:4)
  A raven (shapeshifter) (Vaults:3)
  2 boulder beetles
  11 bog bodies
  8 flying skulls
  A stone giant simulacrum (D:15)
  A vampire (D:13)
  9 basilisks
  13 ravens
  5 water elementals
  2 air elementals (Depths:2)
  A redback (shapeshifter) (Depths:4)
  6 redbacks (Lair:8)
  A human (shapeshifter) (Vaults:4)
  2 tarantellas
  5 wyverns
  A hippogriff (shapeshifter) (Depths:4)
  2 wraiths
  24 yaks
  2 ynoxinuls
  11 hippogriffs
  23 deep elf magi
  16 spriggans
  A fire elemental (Depths:3)
  35 deep elf fighters
  A hill giant zombie (D:11)
  5 neqoxecs
  3 hungry ghosts
  64 nagas
  4 shadows
  29 wolves
  3 chaos spawn
  43 water moccasins
  A soldier ant (D:15)
  26 swamp worms
  24 vampire mosquitoes
  5 wargs
  3 mottled dragons
  A warg (shapeshifter) (Vaults:4)
  8 small abominations
  A porcupine (shapeshifter) (Depths:1)
  7 porcupines
  An ogre skeleton (D:13)
  30 orc warriors
  3 phantoms
  7 ice beasts
  An ettin simulacrum (Vaults:3)
  14 swamp drakes
  3 sky beasts
  16 yellow wasps
  5 black bears
  4 slaves (D:6)
  A boring beetle (Lair:8)
  68 ogres
  15 crocodiles
  8 boggarts
  14 centaurs
  Sigmund (D:2)
  2 lost souls (Elf:2)
  A brain worm (Abyss:1)
  4 big kobolds
  Blork the orc (D:6)
  27 giant frogs
  A cyclops skeleton (D:15)
  20 insubstantial wisps
  4 eyes of draining
  35 killer bees
  3 scorpions
  2 electric eels
  2 tengu skeletons
  22 wights
  10 crimson imps
  A centaur zombie (D:9)
  A two-headed ogre zombie (D:12)
  A yellow wasp zombie (D:12)
  5 hounds
  22 orc priests
  A black bear zombie (D:5)
  A giant frog zombie (D:12)
  2 centaur skeletons
  A soldier ant zombie (D:9)
  A gnoll shaman (D:6)
  19 jellies
  3 iron imps
  3 iguanas
  30 orc wizards
  2 quasits
  A two-headed ogre skeleton (D:8)
  12 worker ants
  4 orange rats (Elf:2)
  A sky beast zombie (D:12)
  Ijyb (D:7)
  A big kobold zombie (D:10)
  A worker ant zombie (D:5)
  A mummy (Depths:2)
  3 gnolls (D:6)
  16 adders
  A shadow imp (D:7)
  35 green rats
  A giant mite (D:5)
  2 white imps
  2 worms
  5 ufetubi
  4 giant geckos
  2 oozes
  163 orcs
  18 bats
  5 giant cockroaches
  22 goblins
  15 hobgoblins
  24 kobolds
  12 quokkas
  2 ball pythons (D:2)
  A giant gecko skeleton (D:4)
  A giant gecko zombie (D:5)
  3 giant newts
  A giant spore (D:12)
  A jackal skeleton (D:4)
  2 kobold skeletons
  2 orc skeletons
  19 rats
  4 ballistomycetes
  3 briar patches (Swamp:5)
  9 crawling corpses
  3 fungi
  3 plants
  A starspawn tentacle (Abyss:3)
2680 creatures vanquished.

Vanquished Creatures (collateral kills)
  2 orbs of fire (Zot:5)
  A tentacled starspawn (Abyss:3)
  A greater naga (Snake:5)
  The ghost of aredel the Tortoise, a mighty GrFi of Okawaru (Snake:5)
  A draconian knight (Zot:5)
  2 naga warriors
  A shock serpent (Snake:5)
  A large abomination (Abyss:3)
  2 salamanders (Snake:5)
  2 naga magi (Snake:5)
  A hellwing (Abyss:3)
  A giant leech (Lair:6)
  A chaos spawn (Abyss:3)
  7 nagas (Snake:5)
  A neqoxec (Abyss:3)
  A small abomination (Abyss:3)
  An ogre (Orc:2)
  An earth elemental (Abyss:3)
  4 gnolls (Orc:3)
  A white imp (Abyss:3)
  A starspawn tentacle (Abyss:3)
34 creatures vanquished.

Vanquished Creatures (others)
  A stone giant (Zot:5)
  A fire dragon (Zot:5)
  An ironheart preserver (Vaults:5)
  A great orb of eyes (Depths:1)
  An ogre mage (Vaults:5)
  4 deep trolls
  A deep elf knight (Elf:1)
  3 hill giants (Zot:5)
  A tormentor (Zot:5)
  5 trolls
  A two-headed ogre (Zot:5)
  A ynoxinul (Abyss:3)
  A spider (Vaults:4)
  A naga (Snake:5)
  An orc warrior (Orc:4)
  3 ogres (Vaults:5)
  5 lost souls
  An earth elemental (Abyss:3)
  3 chimeras
  A kobold (Vaults:1)
  2 giant spores
  A lurking horror (Abyss:3)
  2 briar patches
  4 fungi
  A plant (Snake:4)
  7 starspawn tentacles (Abyss:3)
  5 starspawn tentacle segments (Abyss:3)
59 creatures vanquished.

Grand Total: 2773 creatures vanquished

Notes
Turn   | Place    | Note
--------------------------------------------------------------
     0 | D:1      | MBison, the Minotaur Berserker, began the quest for the Orb.
     0 | D:1      | Reached XP level 1. HP: 19/19 MP: 1/1
    61 | D:1      | Reached skill level 4 in Maces & Flails
   164 | D:1      | Reached XP level 2. HP: 24/26 MP: 1/1
   521 | D:1      | Acquired Trog's second power
   685 | D:2      | Noticed Sigmund
   692 | D:2      | Killed Sigmund
   692 | D:2      | Reached skill level 6 in Maces & Flails
   692 | D:2      | Reached XP level 3. HP: 17/31 MP: 2/2
   692 | D:2      | Reached XP level 4. HP: 21/39 MP: 2/2
  1420 | D:2      | Reached XP level 5. HP: 26/46 MP: 2/2
  1552 | D:3      | Found a sparkling altar of Nemelex Xobeh.
  1678 | D:3      | Reached skill level 7 in Maces & Flails
  2343 | D:4      | Reached XP level 6. HP: 53/53 MP: 3/3
  2418 | D:4      | Found Prithral's Distillery.
  2452 | D:4      | Acquired Trog's third power
  2478 | D:4      | Bought a potion of heal wounds for 36 gold pieces
  2478 | D:4      | Bought a potion of curing for 24 gold pieces
  2672 | D:4      | Found a staircase to the Ecumenical Temple.
  2799 | D:4      | Reached skill level 8 in Maces & Flails
  3047 | D:4      | Reached skill level 5 in Fighting
  3047 | D:4      | Reached XP level 7. HP: 51/61 MP: 3/3
  3212 | D:5      | Entered Level 5 of the Dungeon
  3232 | D:5      | Noticed Rooster's ghost (experienced HOFi)
  3241 | D:5      | Killed Rooster's ghost
  3241 | D:5      | Reached skill level 9 in Maces & Flails
  3241 | D:5      | Reached skill level 5 in Armour
  3241 | D:5      | Reached XP level 8. HP: 70/70 MP: 3/3
  3412 | D:5      | Reached skill level 10 in Maces & Flails
  3452 | D:5      | Found a bloodstained altar of Trog.
  3453 | D:5      | Found a snail-covered altar of Cheibriados.
  3654 | D:5      | Found a shimmering altar of Xom.
  3781 | D:6      | Noticed Blork the orc
  3788 | D:6      | Killed Blork the orc
  3896 | D:6      | Found an ancient bone altar of Kikubaaqudgha.
  4117 | D:6      | Noticed Pikel
  4137 | D:6      | Killed Pikel
  4137 | D:6      | Reached skill level 11 in Maces & Flails
  4137 | D:6      | Reached XP level 9. HP: 79/79 MP: 4/4
  4361 | D:7      | Noticed Ijyb
  4369 | D:7      | Killed Ijyb
  4371 | D:7      | Received a gift from Trog
  5751 | D:8      | Reached skill level 12 in Maces & Flails
  6584 | D:9      | Identified a scroll of acquirement
  6585 | D:9      | Got an ichor-stained plate armour
  6596 | D:9      | Identified the -2 plate armour "Pneupn" {Str+3 Int-3} (You acquired it on level 9 of the Dungeon)
  6624 | D:9      | Found Belahi Dyalo's Gadget Emporium.
  6652 | D:9      | Found a staircase to the Orcish Mines.
  6658 | Orc:1    | Entered Level 1 of the Orcish Mines
  6878 | Orc:2    | Reached XP level 10. HP: 90/90 MP: 4/4
  6893 | Orc:2    | Reached skill level 13 in Maces & Flails
  7115 | Orc:1    | Noticed an orc sorcerer
  7119 | Orc:1    | Killed an orc sorcerer
  7518 | Orc:3    | Received a gift from Trog
  7804 | Orc:3    | Found Sanabemu's Gadget Boutique.
  7828 | Orc:3    | Found a shimmering altar of Xom.
  8026 | Orc:4    | Entered Level 4 of the Orcish Mines
  8154 | Orc:3    | Reached skill level 14 in Maces & Flails
  9298 | Orc:4    | Noticed Psyche
  9303 | Orc:4    | Killed Psyche
  9303 | Orc:4    | Reached skill level 10 in Fighting
  9318 | Orc:4    | Noticed a cyclops
  9361 | Orc:4    | Killed a cyclops
  9516 | Orc:4    | Found Plih's General Store.
  9516 | Orc:4    | Noticed an ettin
  9516 | Orc:4    | Noticed a cyclops
  9517 | Orc:4    | Noticed a cyclops
  9517 | Orc:4    | Noticed a cyclops
  9534 | Orc:3    | HP: 3/139 [ettin/dire flail (25)]
  9535 | Orc:3    | Killed an ettin
  9535 | Orc:3    | Reached XP level 11. HP: 3/100 MP: 4/4
 10370 | D:10     | Entered Level 10 of the Dungeon
 10492 | D:10     | Noticed a hill giant
 10501 | D:10     | Killed a hill giant
 10501 | D:10     | Reached skill level 5 in Dodging
 10759 | D:10     | Noticed an ice statue
 10821 | D:10     | Received a gift from Trog
 10829 | D:10     | Reached skill level 15 in Maces & Flails
 10829 | D:10     | Reached skill level 10 in Armour
 10922 | D:10     | Killed an unseen horror
 11887 | D:11     | Noticed a hill giant
 11912 | D:11     | Killed a hill giant
 11944 | D:11     | Found a portal to a secret trove of treasure.
 12048 | D:11     | Found a staircase to the Lair.
 12067 | Lair:1   | Entered Level 1 of the Lair of Beasts
 12194 | Lair:1   | Noticed Erica
 12209 | Lair:1   | Killed Erica
 12639 | D:11     | Noticed Harold
 12647 | D:11     | Killed Harold
 12647 | D:11     | Reached XP level 12. HP: 110/110 MP: 5/5
 12848 | D:9      | Reached skill level 16 in Maces & Flails
 12947 | D:9      | Gained mutation: You are weak. (Str -2) [potion of mutation]
 12947 | D:9      | Gained mutation: Your system is resistant to poisons. [potion of mutation]
 12947 | D:9      | Gained mutation: You are resistant to electric shocks. [potion of mutation]
 13637 | D:11     | Reached skill level 1 in Slings
 14478 | Lair:1   | Received a gift from Trog
 14703 | Lair:2   | Noticed an eight-headed hydra
 14712 | Lair:2   | Killed an eight-headed hydra
 15763 | Lair:3   | Noticed a seven-headed hydra
 15779 | Lair:3   | Killed a seven-headed hydra
 15812 | Lair:3   | Found a staircase to the Snake Pit.
 16519 | Lair:4   | Noticed Nergalle
 16534 | Lair:4   | Killed Nergalle
 16572 | Lair:4   | Reached skill level 17 in Maces & Flails
 17016 | Lair:4   | Noticed a seven-headed hydra
 17041 | Lair:4   | Reached XP level 13. HP: 112/118 MP: 5/5
 17398 | Lair:4   | Received a gift from Trog
 17480 | Lair:4   | Killed a seven-headed hydra
 17480 | Lair:4   | Reached skill level 5 in Slings
 18179 | Lair:5   | Found a labyrinth entrance.
 18187 | Lab      | Entered a labyrinth
 18477 | Lab      | Got a heavily runed wooden ring
 18478 | Lab      | Got a distressingly furry scale mail
 18493 | Lab      | Identified the +2 scale mail of Vetzeaj {rElec Stlth+} (You found it in a labyrinth)
 18499 | Lab      | Identified the ring of Qumeidui {AC+4 Str+2} (You found it in a labyrinth)
 19123 | Lair:6   | Received a gift from Trog
 20050 | Lair:6   | Found a staircase to the Slime Pits.
 20190 | Lair:6   | Found a staircase to the Swamp.
 20688 | Lair:7   | Reached skill level 18 in Maces & Flails
 21167 | Lair:8   | Entered Level 8 of the Lair of Beasts
 21237 | Lair:8   | Reached XP level 14. HP: 117/129 MP: 5/5
 21258 | Lair:8   | Received a gift from Trog
 21641 | Lair:8   | Reached skill level 10 in Dodging
 21868 | Lair:8   | Received a gift from Trog
 22919 | Orc:4    | Found an iron altar of Okawaru.
 23005 | Orc:4    | Killed a cyclops
 23139 | Orc:4    | Bought a beef jerky for 16 gold pieces
 23223 | Orc:4    | Found a staircase to the Elven Halls.
 23227 | Orc:4    | Noticed a stone giant
 23228 | Orc:4    | Found Maduninto's Antique Armour Shoppe.
 23228 | Orc:4    | Noticed a cyclops
 23228 | Orc:4    | Noticed a cyclops
 23236 | Orc:4    | Killed a stone giant
 23238 | Orc:4    | Killed a cyclops
 23242 | Orc:4    | Killed a cyclops
 23258 | Orc:4    | Bought the +2 pair of fencer's gloves {EV+3 Dex+6 Slay+2} for 1708 gold pieces
 23291 | Orc:4    | Noticed a cyclops
 23297 | Orc:4    | Found Poecw's Antique Weapon Shoppe.
 23299 | Orc:4    | Killed a cyclops
 23319 | Orc:4    | Noticed an orc knight
 23327 | Orc:4    | Killed a cyclops
 23333 | Orc:4    | Killed an orc knight
 23339 | Orc:4    | HP: 3/130 [cyclops (16)]
 23340 | Orc:4    | Killed a cyclops
 23471 | Orc:4    | Received a gift from Trog
 23479 | Orc:4    | Noticed an ettin
 23489 | Orc:4    | Killed an ettin
 23497 | Orc:4    | Noticed a cyclops
 23504 | Orc:4    | Killed a cyclops
 23742 | Orc:4    | Found Osiafy's Jewellery Shop.
 23744 | Orc:4    | Noticed an ettin
 23750 | Orc:4    | Killed an ettin
 23875 | Orc:4    | Noticed a cyclops
 23882 | Orc:4    | Killed a cyclops
 24696 | D:13     | Received a gift from Trog
 24701 | D:13     | Reached skill level 19 in Maces & Flails
 24842 | D:13     | Found a gate to the Vaults.
 25207 | D:13     | Found Ciub's Gadget Shop.
 25266 | D:13     | Reached XP level 15. HP: 138/138 MP: 6/6
 26114 | D:14     | Received a gift from Trog
 26276 | D:14     | Found a basalt altar of Yredelemnul.
 26313 | D:14     | Received a gift from Trog
 26941 | D:15     | Entered Level 15 of the Dungeon
 27118 | D:15     | Found a shadowy altar of Dithmenos.
 27337 | D:15     | Found a staircase to the Depths.
 27423 | D:15     | Received a gift from Trog
 28192 | Swamp:1  | Entered Level 1 of the Swamp
 28386 | Swamp:1  | Received a gift from Trog
 28626 | Swamp:1  | Reached skill level 10 in Slings
 28681 | Swamp:1  | Reached skill level 20 in Maces & Flails
 28683 | Swamp:1  | Reached skill level 15 in Fighting
 28692 | Swamp:1  | Received a gift from Trog
 29068 | Swamp:2  | Noticed Donald
 29073 | Swamp:2  | Killed Donald
 29135 | Swamp:2  | Noticed Norris
 29167 | Swamp:2  | Killed Norris
 29167 | Swamp:2  | Received a gift from Trog
 29167 | Swamp:2  | Reached XP level 16. HP: 149/149 MP: 6/6
 29658 | Swamp:2  | Reached skill level 15 in Armour
 30487 | Swamp:3  | Received a gift from Trog
 31446 | Swamp:4  | Received a gift from Trog
 31757 | Swamp:5  | Entered Level 5 of the Swamp
 32830 | Swamp:5  | Reached XP level 17. HP: 160/160 MP: 6/6
 33218 | Swamp:5  | Received a gift from Trog
 33219 | Swamp:5  | Got a fine hunting sling {god gift}
 33690 | Swamp:5  | Got a decaying rune of Zot
 33976 | Snake:1  | Entered Level 1 of the Snake Pit
 34267 | Snake:1  | Found Foxerag's Food Emporium.
 34545 | Orc:4    | Bought a potion of cure mutation for 385 gold pieces
 34574 | Elf:1    | Entered Level 1 of the Elven Halls
 34632 | Elf:1    | Found a magical portal.
 34658 | WizLab   | Entered Wucad Mu's Monastery
 35138 | Elf:1    | Reached XP level 18. HP: 159/170 MP: 7/7
 35371 | Elf:1    | Received a gift from Trog
 35385 | Elf:1    | Reached skill level 15 in Dodging
 35594 | Elf:1    | Noticed Azrael
 35601 | Elf:1    | Killed Azrael
 35642 | Elf:1    | Noticed Aizul
 35911 | Elf:1    | Killed Aizul
 36056 | Elf:1    | Received a gift from Trog
 37152 | Elf:2    | Gained mutation: You have a pair of large horns on your head. [potion of beneficial mutation]
 37164 | Elf:2    | Received a gift from Trog
 37302 | Elf:3    | Entered Level 3 of the Elven Halls
 37395 | Elf:3    | Noticed Snorg
 37405 | Elf:3    | Killed Snorg
 37633 | Elf:3    | Received a gift from Trog
 38246 | Elf:3    | Cast into the Abyss (deep elf sorcerer)
 38576 | Abyss:1  | Gained mutation: Your magical capacity is low (-10% MP). [a neqoxec]
 38628 | Abyss:1  | Reached XP level 19. HP: 179/181 MP: 6/6
 38687 | Abyss:1  | Found a corrupted altar of Lugonu.
 38966 | Abyss:1  | Noticed a profane servitor
 39022 | Abyss:1  | Received a gift from Trog
 39287 | Abyss:2  | Lost intelligence.
 39333 | Abyss:2  | Gained mutation: You are robust (+10% HP). [a neqoxec]
 39410 | Abyss:3  | Found a corrupted altar of Lugonu.
 39411 | Abyss:3  | Found a corrupted altar of Lugonu.
 39451 | Abyss:3  | Found a glowing golden altar of the Shining One.
 39552 | Abyss:3  | Got an abyssal rune of Zot
 39641 | Abyss:3  | Gained mutation: Your magical capacity is very low (-20% MP). [a shining eye]
 39642 | Abyss:3  | Gained mutation: You are clumsy. (Dex -2) [a shining eye]
 39643 | Abyss:3  | Gained mutation: You have difficulty communicating with the divine. [a shining eye]
 39643 | Abyss:3  | Gained mutation: You tend to lose your temper in combat. [a shining eye]
 39651 | Abyss:3  | Lost mutation: You are robust (+10% HP). [a shining eye]
 39710 | Abyss:3  | Noticed a profane servitor
 39717 | Abyss:3  | Killed a profane servitor
 39761 | Abyss:3  | Paralysed by accursed screaming for 2 turns
 39769 | Abyss:3  | Paralysed by accursed screaming for 2 turns
 39795 | Abyss:3  | Found a corrupted altar of Lugonu.
 39803 | Abyss:3  | Gained mutation: [Your body is slowly deteriorating.] [a neqoxec]
 39811 | Abyss:3  | HP: 12/246 [Executioner (7)]
 39838 | Elf:3    | Escaped the Abyss
 40142 | Orc:4    | Lost mutation: Your magical capacity is very low (-20% MP). [potion of cure mutation]
 40142 | Orc:4    | Lost mutation: [Your body is slowly deteriorating.] [potion of cure mutation]
 40142 | Orc:4    | Lost mutation: You have a pair of large horns on your head. [potion of cure mutation]
 40142 | Orc:4    | Lost mutation: You are weak. (Str -2) [potion of cure mutation]
 40984 | Snake:1  | Found a bloodstained altar of Trog.
 42074 | Orc:4    | Bought a heavily runed scale mail for 279 gold pieces
 42075 | Orc:4    | Identified the cursed -8 scale mail of Dishonour {+Rage +Inv rC++} (You bought it in a shop on level 4 of the Orcish Mines)
 42410 | Snake:2  | Received a gift from Trog
 42448 | Snake:2  | Noticed Frances
 42470 | Snake:2  | Killed Frances
 42566 | Snake:2  | Found Icuinun's Gadget Shop.
 43088 | Snake:3  | Found a basalt altar of Yredelemnul.
 43283 | Snake:3  | Gained mutation: You have sharp toenails. [potion of beneficial mutation]
 43463 | Snake:3  | Received a gift from Trog
 43913 | Snake:3  | Received a gift from Trog
 44260 | Snake:3  | Reached XP level 20. HP: 192/194 MP: 0/6
 44381 | Snake:4  | Reached skill level 21 in Fighting
 44449 | Snake:4  | Received a gift from Trog
 44487 | Snake:4  | Got a steaming tin ring
 44754 | Snake:4  | Found Uluad's Antique Weapon Shoppe.
 44812 | Snake:5  | Entered Level 5 of the Snake Pit
 45086 | Snake:5  | Received a gift from Trog
 45249 | Snake:5  | Noticed aredel's ghost (mighty GrFi)
 45278 | Snake:5  | Killed aredel's ghost
 45454 | Snake:5  | Received a gift from Trog
 45762 | Snake:5  | Got a serpentine rune of Zot
 46690 | Elf:3    | Noticed Jorgrun
 46721 | Elf:3    | Killed Jorgrun
 47111 | Elf:3    | Identified the ring of Trepidation {+Blink rC+ MP+9 Int+2} (You took it off a naga warrior on level 4 of the Snake Pit)
 47228 | Elf:3    | Reached skill level 1 in Evocations
 48174 | Elf:3    | Received a gift from Trog
 48733 | Vaults:1 | Entered Level 1 of the Vaults
 48990 | Vaults:1 | Reached XP level 21. HP: 205/205 MP: 13/13
 49165 | Vaults:1 | Got a vibrating golden ring
 49166 | Vaults:1 | Identified the ring of the Sun {rN+ MR+ Dex+1 Slay+4} (You found it on level 1 of the Vaults)
 49528 | Vaults:1 | Received a gift from Trog
 49891 | Vaults:1 | Reached skill level 22 in Fighting
 50124 | Vaults:2 | Received a gift from Trog
 50471 | Vaults:2 | Noticed Agnes
 50481 | Vaults:2 | Killed Agnes
 50563 | Vaults:2 | Found a staircase to the Crypt.
 51495 | Vaults:3 | Received a gift from Trog
 52150 | Vaults:4 | Noticed Mennas
 52174 | Vaults:4 | Killed Mennas
 52390 | Vaults:4 | Paralysed by a lich for 7 turns
 52543 | Vaults:4 | Received a gift from Trog
 52738 | Vaults:4 | Reached XP level 22. HP: 216/216 MP: 15/15
 52811 | Vaults:4 | Reached skill level 23 in Fighting
 53094 | Vaults:4 | Received a gift from Trog
 53432 | Vaults:4 | Received a gift from Trog
 53686 | Vaults:5 | Entered Level 5 of the Vaults
 53706 | Vaults:4 | Received a gift from Trog
 53725 | Vaults:5 | Noticed Wiglaf
 54057 | Vaults:5 | Noticed Frederick
 54099 | Vaults:4 | Killed Wiglaf
 54309 | Vaults:4 | Killed Frederick
 54906 | Vaults:5 | Got a heavily runed bronze amulet
 54907 | Vaults:5 | Identified the amulet of Quut {Clar +Blink Slay-3} (You found it on level 5 of the Vaults)
 54923 | Vaults:5 | Got a heavily runed leather armour
 54974 | Vaults:5 | Received a gift from Trog
 55133 | Vaults:5 | Reached skill level 24 in Fighting
 55229 | Vaults:4 | Reached XP level 23. HP: 30/228 MP: 15/15
 56917 | Vaults:5 | Received a gift from Trog
 56974 | Vaults:5 | Got a silver rune of Zot
 57497 | Vaults:5 | Found Yklathos' General Store.
 57522 | Vaults:5 | Bought a scroll of enchant weapon for 180 gold pieces
 57532 | Vaults:5 | Identified the +1 leather armour of Smae {Str+1 Int+3} (You found it on level 5 of the Vaults)
 57597 | Vaults:5 | Got a faintly glowing platinum ring
 58070 | Vaults:5 | Got a vibrating wooden ring
 58071 | Vaults:5 | Identified the ring of Zobruth {Fire +Fly SInv} (You found it on level 5 of the Vaults)
 58072 | Vaults:5 | Identified the ring "Cutzeq" {Str+2 Dex+1} (You took it off a vault sentinel on level 5 of the Vaults)
 58712 | Vaults:5 | Bought a meat ration for 120 gold pieces
 58712 | Vaults:5 | Bought a meat ration for 120 gold pieces
 58712 | Vaults:5 | Bought a meat ration for 120 gold pieces
 59155 | Snake:1  | Bought a meat ration for 70 gold pieces
 59155 | Snake:1  | Bought a meat ration for 70 gold pieces
 59155 | Snake:1  | Bought a meat ration for 70 gold pieces
 59155 | Snake:1  | Bought a meat ration for 70 gold pieces
 59155 | Snake:1  | Bought a meat ration for 70 gold pieces
 59155 | Snake:1  | Bought a slice of pizza for 21 gold pieces
 59155 | Snake:1  | Bought a meat ration for 70 gold pieces
 59155 | Snake:1  | Bought a beef jerky for 21 gold pieces
 59155 | Snake:1  | Bought a bread ration for 70 gold pieces
 59155 | Snake:1  | Bought a meat ration for 70 gold pieces
 59155 | Snake:1  | Bought a meat ration for 70 gold pieces
 59155 | Snake:1  | Bought a beef jerky for 21 gold pieces
 59155 | Snake:1  | Bought a beef jerky for 21 gold pieces
 59155 | Snake:1  | Bought 5 fruits for 105 gold pieces
 59162 | Snake:1  | MBison: hey
 59606 | Vaults:4 | Received a gift from Trog
 59969 | Depths:1 | Entered Level 1 of the Depths
 59969 | Depths:1 | Found a gateway to a ziggurat.
 60190 | Depths:1 | Reached skill level 25 in Fighting
 60512 | Depths:1 | Found a gateway to Hell.
 61134 | Depths:2 | Found Kaish's Jewellery Emporium.
 61158 | Depths:2 | Bought a cursed ring of loudness for 90 gold pieces
 61230 | Depths:2 | Found a one-way gate leading to the halls of Pandemonium.
 61235 | Depths:2 | Reached XP level 24. HP: 242/242 MP: 16/16
 61673 | Depths:2 | Found Khazoem's General Store.
 61689 | Depths:2 | Received a gift from Trog
 61694 | Depths:2 | Bought 18 sling bullets of flame for 237 gold pieces
 61694 | Depths:2 | Bought a potion of heal wounds for 33 gold pieces
 61694 | Depths:2 | Bought a potion of restore abilities for 33 gold pieces
 61884 | Depths:2 | Received a gift from Trog
 61979 | Depths:2 | Noticed eustach's ghost (mighty NaFE)
 61995 | Depths:2 | Killed eustach's ghost
 63102 | Orc:4    | Bought an uncursed amulet of resist mutation for 640 gold pieces
 63572 | Depths:2 | Received a gift from Trog
 63721 | Depths:2 | Found Igighuir's Jewellery Shoppe.
 64469 | Depths:3 | Received a gift from Trog
 64714 | Depths:3 | Reached skill level 26 in Fighting
 64733 | Depths:3 | Received a gift from Trog
 65201 | Depths:4 | Found a one-way gate to the infinite horrors of the Abyss.
 65567 | Depths:4 | Noticed an ancient lich
 65860 | Depths:4 | Reached XP level 25. HP: 232/252 MP: 16/16
 65862 | Depths:4 | Received a gift from Trog
 66047 | Depths:4 | Got a smoking chain mail
 66048 | Depths:4 | Identified the +8 chain mail of Sorcery {+Fly rPois rF+ Slay+2} (You found it on level 4 of the Depths)
 66103 | Depths:4 | Received a gift from Trog
 66313 | Depths:4 | Killed an ancient lich
 66651 | Depths:4 | Received a gift from Trog
 67266 | Vaults:2 | Got a transparent flail
 67271 | Vaults:2 | Identified the cursed +3 flail "Siot Mub" {flame, MR++} (You found it on level 2 of the Vaults)
 67593 | Depths:4 | Reached skill level 27 in Fighting
 68218 | Depths:5 | Entered Level 5 of the Depths
 68460 | Depths:5 | Received a gift from Trog
 68895 | Depths:5 | Reached XP level 26. HP: 265/265 MP: 16/16
 69011 | Depths:5 | Found a gate to the Realm of Zot.
 69459 | Zot:1    | Entered Level 1 of the Realm of Zot
 70230 | Zot:2    | Reached skill level 27 in Armour
 70391 | Zot:2    | Received a gift from Trog
 71369 | Zot:3    | Received a gift from Trog
 72166 | Zot:4    | Reached skill level 27 in Dodging
 72172 | Zot:4    | Reached XP level 27. HP: 272/272 MP: 18/18
 72196 | Zot:4    | Received a gift from Trog
 72498 | Zot:5    | Entered Level 5 of the Realm of Zot
 72727 | Zot:5    | Noticed UristMcMason's ghost (legendary HOFi)
 72769 | Zot:5    | Killed UristMcMason's ghost
 73553 | Zot:5    | Noticed an ancient lich
 73553 | Zot:5    | Noticed an ancient lich
 73560 | Zot:5    | Noticed an orb of fire
 73565 | Zot:5    | Killed an ancient lich
 73566 | Zot:5    | Noticed an orb of fire
 73576 | Zot:5    | Noticed an orb of fire
 73576 | Zot:5    | Noticed an orb of fire
 73577 | Zot:5    | Killed an orb of fire
 73582 | Zot:5    | Killed an ancient lich
 73617 | Zot:5    | Gained mutation: You are dopey. (Int -2) [an orb of fire]
 73634 | Zot:5    | Killed an orb of fire
 73641 | Zot:5    | Killed an orb of fire
 74039 | Zot:5    | Killed an orb of fire
 74099 | Zot:5    | Noticed an orb of fire
 74114 | Zot:5    | Killed an orb of fire
 74423 | Zot:5    | Noticed an orb of fire
 74435 | Zot:5    | Killed an orb of fire
 74647 | Zot:5    | Noticed an ancient lich
 74658 | Zot:5    | Killed an ancient lich
 75338 | Zot:5    | Received a gift from Trog
 75790 | Depths:2 | Lost mutation: You are clumsy. (Dex -2) [potion of cure mutation]
 75790 | Depths:2 | Lost mutation: Your system is resistant to poisons. [potion of cure mutation]
 75790 | Depths:2 | Lost mutation: You have sharp toenails. [potion of cure mutation]
 75790 | Depths:2 | Lost mutation: You tend to lose your temper in combat. [potion of cure mutation]
 75790 | Depths:2 | Lost mutation: You are dopey. (Int -2) [potion of cure mutation]
 75790 | Depths:2 | Lost mutation: Your magical capacity is low (-10% MP). [potion of cure mutation]
 75790 | Depths:2 | Lost mutation: You are resistant to electric shocks. [potion of cure mutation]
 75791 | Depths:2 | Lost mutation: You have difficulty communicating with the divine. [potion of cure mutation]
 76193 | D:4      | Bought a potion of restore abilities for 36 gold pieces
 76193 | D:4      | Bought a potion of haste for 84 gold pieces
 76193 | D:4      | Bought a potion of berserk rage for 36 gold pieces
 76193 | D:4      | Bought a potion of haste for 84 gold pieces
 76193 | D:4      | Bought a potion of haste for 84 gold pieces
 76382 | D:9      | Bought a wand of teleportation (5) for 351 gold pieces
 76918 | Zot:5    | Noticed an ancient lich
 76927 | Zot:5    | Killed an ancient lich
 76992 | Zot:5    | Got the Orb of Zot
 77548 | D:3      | Received a gift from Trog
 77645 | D:$      | Escaped with the Orb!

Action                   |  1- 3 |  4- 6 |  7- 9 | 10-12 | 13-15 | 16-18 | 19-21 | 22-24 | 25-27 || total
-------------------------+-------+-------+-------+-------+-------+-------+-------+-------+-------++-------
Melee: Mace              |    42 |   152 |    33 |       |       |       |       |       |       ||   227
       Flail             |       |       |   269 |       |       |       |       |       |       ||   269
       Morningstar       |       |       |    18 |   666 |   162 |       |       |       |       ||   846
       Great mace        |       |       |       |    66 |   916 |   685 |  1262 |  1257 |   976 ||  5162
       Greatsling        |       |       |       |       |       |       |     3 |       |       ||     3
 Fire: Greatsling        |       |       |       |    26 |   126 |   413 |   305 |   164 |   234 ||  1268
Invok: Berserk           |     1 |     2 |     6 |    16 |     9 |     6 |    19 |     7 |    10 ||    76
       Burn Spellbooks   |       |       |     1 |       |     3 |     1 |     4 |     1 |     1 ||    11
       Brothers in Arms  |       |       |       |     1 |       |       |     9 |     1 |    12 ||    23
       Trog's Hand       |       |       |       |       |     1 |     2 |    15 |     1 |     1 ||    20
 Abil: Evoke Blink       |       |       |       |       |       |       |     1 |       |       ||     1
Evoke: Wand              |       |       |     2 |     7 |     1 |     6 |    11 |     2 |     5 ||    34
       tome              |       |       |       |       |     4 |       |     3 |       |       ||     7
       Box of beasts     |       |       |       |       |       |     2 |     2 |       |       ||     4
       Stone of tremors  |       |       |       |       |       |       |     2 |       |     1 ||     3
       Sack of spiders   |       |       |       |       |       |       |     1 |       |       ||     1
  Use: Scroll            |       |     1 |    14 |    13 |    21 |    14 |    22 |    13 |     6 ||   104
       Potion            |       |       |     3 |    10 |     3 |     8 |    21 |     4 |    12 ||    61
 Stab: Paralysed         |       |       |       |       |       |     4 |       |       |       ||     4
       Distracted        |       |       |       |       |       |       |     2 |       |       ||     2
  Eat: Chunk             |       |     9 |    12 |    37 |    21 |     7 |     4 |     3 |       ||    93
       Fruit             |       |       |     2 |     6 |     4 |       |       |       |    12 ||    24
       Bread ration      |       |       |     1 |     1 |     2 |     1 |     1 |     2 |       ||     8
       Pizza             |       |       |       |     1 |     5 |     3 |     3 |     1 |       ||    13
       Beef jerky        |       |       |       |     1 |     2 |    10 |     4 |     4 |     3 ||    24
       Meat ration       |       |       |       |       |     1 |     2 |    11 |     7 |    10 ||    31
